Map: Ruins of Endion

Players

DarthKing - Winner!

  • Race: Protoss Protoss
  • League: Silver
  • Spawn Location: 5:00

Fropez

  • Race: Protoss Protoss
  • League: Silver
  • Spawn Location: 7:00

VOD

Have the link to the VOD?

Description

Time

  • Played on: June 8, 2016, 1:59 p.m.
  • Length: 25:00
Show
View Real Time Build Order
Export as new Build Order

DarthKing Protoss - Winner!

Build Orders:  

Get SALT Encoding   

  12  0:02  Probe (Chrono Boost)  
  13  0:12  Probe (Chrono Boost)  
  14  0:19  Pylon  
  14  0:26  Probe (Chrono Boost)  
  15  0:37  Probe (Chrono Boost)  
  15  0:40  Gateway  
  16  0:48  Probe (Chrono Boost)  
  17  0:58  Probe (Chrono Boost)  
  17  1:04  Pylon, Assimilator  
  18  1:26  Pylon  
  18  1:28  Assimilator  
  18  1:45  Pylon, Probe (Chrono Boost)  
  19  1:48  Cybernetics Core  
  19  1:55  Probe (Chrono Boost)  
  20  2:06  Probe (Chrono Boost)  
  21  2:16  Probe (Chrono Boost)  
  21  2:18  Gateway  
  22  2:25  Stalker  
  22  2:27  Probe (Chrono Boost)  
  25  2:37  Probe (Chrono Boost)  
  26  2:54  Robotics Facility  
  26  2:55  Stalker  
  28  3:06  Stalker  
  28  3:07  Warp Gate  
  30  3:25  Stalker  
  31  3:36  Stargate, Stalker  
  33  4:19  Stalker  
  33  4:22  Oracle  
  38  4:52  Pylon  
  38  4:56  Pylon  
  38  4:58  Pylon  
  38  5:26  Stalker x2  
  46  5:49  Gateway  
  46  5:50  Gateway  
  33  6:41  Oracle  
  35  7:15  Nexus  
  35  7:20  Pylon x2  
  35  7:31  Stargate  
  35  7:33  Stargate  
  35  7:41  Assimilator  
  31  7:47  Assimilator  
  28  8:01  Stalker x3  
  28  8:02  Stalker  
  38  8:05  Mothership Core (Chrono Boost)  
  38  8:25  Void Ray  
  38  8:26  Void Ray  
  46  8:28  Probe (Chrono Boost)  
  47  8:37  Stalker x3  
  47  8:38  Probe (Chrono Boost)  
  54  8:49  Probe (Chrono Boost)  
  55  8:56  Stalker  
  55  8:59  Probe (Chrono Boost)  
  58  9:10  Probe (Chrono Boost)  
  58  9:14  Stalker x2  
  63  9:20  Probe (Chrono Boost)  
  64  9:29  Probe (Chrono Boost)  
  66  9:31  Probe (Chrono Boost)  
  66  9:39  Stalker  
  66  9:42  Probe (Chrono Boost)  
  69  9:52  Probe (Chrono Boost)  
  70  10:03  Probe (Chrono Boost)  
  70  10:04  Void Ray  
  75  10:12  Void Ray  
  75  10:13  Probe (Chrono Boost)  
  77  10:46  Stalker x3  
  77  10:47  Stalker  
  85  10:59  Pylon  
  85  11:00  Pylon  
  85  11:36  Probe (Chrono Boost)  
  86  11:46  Probe (Chrono Boost)  
  87  11:48  Void Ray x2  
  95  11:57  Probe (Chrono Boost)  
  96  12:07  Probe (Chrono Boost)  
  87  12:18  Probe (Chrono Boost)  
  54  12:37  Stalker  
  54  12:38  Stalker x3  
  56  12:54  Nexus  
  56  12:57  Pylon x2  
  56  12:58  Pylon  
  56  13:01  Void Ray  
  56  13:17  Stalker  
  56  13:18  Stalker x2  
  62  13:31  Void Ray  
  66  13:39  Stalker  
  68  13:58  Stalker x2  
  68  13:59  Stalker  
  68  14:36  Probe (Chrono Boost)  
  69  14:43  Void Ray x2  
  77  14:47  Probe (Chrono Boost)  
  77  14:48  Protoss Air Weapons Level 1  
  78  14:57  Probe (Chrono Boost)  
  79  15:02  Stalker  
  79  15:05  Stalker  
  83  15:10  Probe (Chrono Boost)  
  84  15:17  Void Ray  
  88  15:33  Probe (Chrono Boost), Robotics Facility  
  89  15:37  Assimilator  
  89  15:40  Stalker  
  89  15:41  Stalker  
  93  15:53  Twilight Council  
  93  15:58  Stalker  
  93  15:59  Stalker  
  97  16:21  Observer  
  89  16:42  Observer  
  69  18:17  Nexus  
  69  18:38  Pylon  
  69  18:40  Pylon  
  69  18:44  Pylon x2  
  69  18:59  Twilight Council  
  52  20:13  Void Ray x2  
  56  20:27  Dark Shrine  
  56  20:39  Pylon  
  56  20:41  Nexus  
  56  20:44  Pylon  
  56  20:45  Stalker x2  
  56  20:46  Pylon, Stalker  
  56  20:47  Pylon  
  62  20:50  Charge (Chrono Boost)  
  62  20:56  Void Ray x3  
  74  21:10  Warp Prism  
  76  21:38  Void Ray  
  76  21:39  Void Ray x2  
  88  21:43  Dark Templar x4  
  96  22:19  Dark Templar x2  
  97  23:01  Void Ray  
  97  23:02  Void Ray  
  69  23:39  Dark Templar x2  
Show
View Real Time Build Order
Export as new Build Order

Fropez Protoss 

Build Orders:  

Get SALT Encoding   

  12  0:01  Probe (Chrono Boost)  
  13  0:17  Pylon  
  13  0:18  Probe (Chrono Boost)  
  14  0:29  Probe (Chrono Boost)  
  15  0:39  Probe (Chrono Boost)  
  16  0:53  Gateway  
  16  0:55  Gateway  
  16  0:56  Probe (Chrono Boost)  
  17  1:06  Probe (Chrono Boost)  
  18  1:14  Assimilator  
  18  1:17  Probe (Chrono Boost)  
  19  1:19  Assimilator  
  19  1:21  Pylon  
  19  1:29  Probe (Chrono Boost)  
  20  1:36  Pylon  
  21  1:40  Probe (Chrono Boost)  
  21  1:50  Probe (Chrono Boost), Cybernetics Core  
  21  2:01  Probe (Chrono Boost)  
  22  2:02  Pylon  
  22  2:11  Probe (Chrono Boost)  
  23  2:22  Probe (Chrono Boost)  
  24  2:32  Probe (Chrono Boost)  
  24  2:35  Warp Gate (Chrono Boost)  
  25  2:37  Stalker x2  
  31  2:44  Mothership Core  
  31  3:05  Probe  
  31  3:07  Stalker x2  
  35  3:14  Pylon  
  35  3:17  Probe  
  36  3:21  Gateway  
  36  3:29  Probe  
  37  3:37  Forge  
  37  3:40  Stalker  
  39  3:41  Probe, Stalker  
  40  3:53  Probe  
  41  4:05  Probe  
  42  4:18  Probe  
  43  4:30  Probe  
  42  4:42  Probe  
  42  4:44  Stalker x2  
  42  4:45  Nexus  
  47  4:50  Pylon  
  47  4:53  Pylon  
  47  4:59  Robotics Facility  
  47  5:02  Pylon  
  47  5:11  Stalker  
  47  5:12  Stalker  
  43  5:24  Probe  
  36  5:36  Probe  
  37  5:48  Probe  
  37  5:49  Observer  
  39  6:06  Stalker  
  37  6:18  Probe  
  33  6:19  Probe  
  31  6:27  Stalker  
  31  6:31  Stalker  
  35  6:43  Stalker  
  35  6:46  Probe x2  
  39  6:56  Probe, Forge  
  40  7:06  Probe  
  40  7:08  Stalker  
  43  7:09  Stalker  
  43  7:10  Probe  
  46  7:24  Probe  
  46  7:25  Probe  
  48  7:35  Stalker x3  
  47  7:56  Photon Cannon  
  46  8:06  Stalker x3  
  46  8:08  Probe  
  53  8:16  Protoss Ground Weapons Level 1  
  53  8:18  Probe  
  54  8:30  Probe  
  54  8:31  Probe  
  56  8:39  Stalker  
  58  8:45  Assimilator  
  58  8:48  Assimilator  
  58  8:53  Probe  
  58  8:54  Probe  
  60  9:04  Probe  
  60  9:06  Probe  
  60  9:13  Stalker x2  
  62  9:24  Probe  
  62  9:25  Probe  
  64  9:31  Gateway  
  64  9:38  Stalker  
  64  9:39  Stalker  
  64  9:40  Probe  
  64  9:41  Probe  
  70  9:49  Pylon  
  70  9:53  Probe  
  70  9:55  Probe  
  70  10:05  Stalker x2  
  70  10:20  Photon Cannon  
  64  10:46  Adept x3  
  64  10:47  Adept  
  70  10:55  Probe  
  65  11:12  Photon Cannon  
  65  11:13  Pylon  
  57  11:30  Stalker x4  
  65  11:50  Pylon  
  65  11:54  Sentry x3  
  65  11:55  Sentry  
  61  12:23  Stalker x4  
  55  12:43  Probe x2  
  57  12:53  Probe  
  58  12:59  Protoss Ground Armor Level 1  
  58  13:02  Warp Prism  
  58  13:04  Probe  
  61  13:06  Nexus  
  61  13:09  Assimilator  
  61  13:11  Assimilator  
  59  13:15  Pylon  
  59  13:18  Pylon  
  59  13:24  Stalker x2  
  59  13:25  Stalker x2  
  67  13:33  Probe, Gateway  
  68  13:34  Probe  
  68  13:35  Gateway  
  68  13:39  Pylon  
  69  13:44  Pylon  
  67  13:53  Stalker x3  
  73  13:56  Probe  
  73  13:59  Mothership Core  
  74  14:13  Probe  
  75  14:28  Stalker x2  
  75  14:29  Stalker x2  
  71  14:40  Probe x2  
  73  14:46  Immortal  
  78  14:52  Probe  
  78  14:54  Probe  
  79  15:06  Protoss Shields Level 1  
  79  15:09  Probe  
  79  15:11  Twilight Council, Probe  
  81  15:19  Probe  
  82  15:25  Stalker  
  82  15:26  Stalker x4  
  92  15:40  Immortal  
  96  15:55  Gateway  
  96  15:56  Probe  
  97  15:57  Gateway  
  97  15:59  Pylon  
  97  16:03  Photon Cannon  
  97  16:07  Photon Cannon  
  97  16:20  Stalker x3  
  97  16:21  Stalker x3  
  107  16:53  Stalker x2  
  107  16:54  Stalker x4  
  95  17:23  Stalker x5  
  95  17:24  Stalker  
  98  17:47  Stalker  
  98  17:48  Stalker x5  
  94  18:11  Blink (Chrono Boost)  
  94  18:28  Adept x7  
  94  18:29  Adept  
  110  18:44  Nexus  
  110  18:46  Pylon  
  110  18:49  Assimilator  
  110  18:51  Assimilator  
  110  18:56  Pylon  
  110  18:57  Pylon  
  100  19:45  Zealot  
  92  19:59  Immortal  
  94  20:02  Protoss Ground Weapons Level 2 (Chrono Boost)  
  94  20:05  Stalker x6  
  94  20:06  Stalker x2  
  88  20:39  Immortal  
  92  20:45  Templar Archives  
  92  20:46  Nexus  
  92  20:56  Probe  
  93  20:58  Photon Cannon  
  93  20:59  Photon Cannon  
  93  21:03  Photon Cannon, Zealot x5  
  103  21:06  Pylon  
  103  21:22  Immortal  
  107  21:29  Charge  
  107  21:34  High Templar x7  
  107  21:35  High Templar  
  107  21:38  Archon  
  107  21:39  Archon x2  
  123  21:41  Archon  
  119  22:10  Stalker  
  119  22:11  Stalker x6  
  119  22:12  Stalker  
  135  22:17  Pylon  
  135  22:19  Assimilator x2  
  127  22:38  High Templar x5  
  127  22:39  High Templar x3  
  127  22:42  Archon x2  
  127  22:43  Archon  
  136  22:45  Archon  
  94  23:15  Stalker x2  
  94  23:16  Stalker x4  
  84  23:23  Observer  
  85  23:29  Probe x2  
  85  23:30  Probe  
  85  23:31  Probe  
  90  23:40  Probe x2  
  89  23:42  High Templar x3  
  89  23:43  High Templar  
  89  23:46  Archon  
  89  23:47  Archon  
  99  23:50  Probe  
  99  23:51  Probe  
  101  24:01  Probe  
  94  24:04  Zealot x2  
  81  24:11  Probe  
  81  24:12  Observer  
  59  24:36  Zealot x2  
  59  24:37  Zealot  
  66  24:41  Nexus  
  66  24:44  Zealot  
  66  24:45  Assimilator  
  64  24:47  Assimilator  
  64  24:56  Pylon  
Tags
 
Matchup
PvP
Replay Pack
All Mines
Spawn Locations
Close Positions
Add a new tag
Caveats
  • Supply blocks, unpowered buildings, or Contaminate may cause inaccurate times.
  • Supply counts are checked every 10 seconds.